Map: Dusk Towers

Players

BunnyWillis - Winner!

  • Race: Terran Terran
  • League: Grandmaster

Gayguy

  • Race: Protoss Protoss
  • League: Diamond

VOD

Have the link to the VOD?

Description

Time

  • Played on: Nov. 23, 2015, 5:29 p.m.
  • Length: 15:00
Show
View Real Time Build Order
Export as new Build Order

BunnyWillis Terran - Winner!

Build Orders: Reaper Expand, MMM Bio 

Get SALT Encoding   

  12  0:02  SCV  
  13  0:14  SCV  
  14  0:23  Supply Depot  
  14  0:26  SCV  
  15  0:45  SCV  
  15  0:46  Barracks  
  15  0:47  Refinery  
  16  0:57  SCV  
  17  1:09  SCV  
  18  1:21  SCV  
  19  1:33  Reaper  
  19  1:34  Orbital Command  
  20  1:47  Command Center  
  20  2:00  SCV  
  21  2:04  Supply Depot  
  21  2:12  SCV, Barracks Reactor  
  22  2:24  SCV, Barracks  
  22  2:29  Bunker  
  23  2:36  SCV  
  24  2:38  Factory  
  24  2:42  Refinery  
  24  2:48  SCV  
  24  2:50  Marine  
  24  2:51  Marine  
  26  3:00  SCV  
  27  3:08  Marine x2  
  27  3:12  Orbital Command  
  29  3:13  Barracks Tech Lab  
  29  3:15  SCV  
  30  3:26  Marine x2  
  32  3:27  SCV  
  33  3:37  SCV, Barracks Tech Lab  
  33  3:38  Cyclone  
  33  3:39  SCV  
  38  3:42  Supply Depot  
  38  3:45  Starport  
  38  3:53  Marine x2  
  38  3:54  SCV x2  
  42  3:57  Refinery  
  42  4:00  Engineering Bay  
  42  4:06  SCV x2  
  42  4:09  Stimpack  
  43  4:16  Marine x2  
  45  4:17  Marine  
  45  4:18  SCV x2  
  48  4:26  Starport Reactor  
  48  4:30  SCV x2  
  50  4:34  Marine x2  
  50  4:35  Marine  
  53  4:42  SCV  
  54  4:47  Supply Depot  
  54  4:48  SCV, Cyclone  
  54  4:49  Supply Depot  
  54  4:51  Marine  
  54  4:52  Marine  
  60  4:54  Marine  
  60  4:56  SCV  
  62  5:08  SCV  
  62  5:09  Marine  
  62  5:10  Medivac, Marine  
  62  5:12  Medivac  
  70  5:15  Marauder  
  70  5:16  SCV  
  70  5:21  SCV  
  73  5:22  Supply Depot  
  73  5:26  Supply Depot  
  73  5:28  SCV  
  73  5:33  SCV, Marine x2  
  73  5:34  Factory Reactor  
  77  5:40  SCV  
  78  5:45  SCV  
  78  5:48  Marauder  
  81  5:51  Marine x2  
  81  5:53  SCV  
  81  5:55  Terran Infantry Weapons Level 1, Refinery  
  81  5:57  SCV, Medivac x2  
  89  6:09  Command Center  
  89  6:14  SCV  
  89  6:15  SCV, Barracks  
  91  6:18  Combat Shields  
  93  6:27  SCV  
  93  6:28  SCV  
  93  6:30  Supply Depot  
  93  6:31  Supply Depot  
  93  6:39  SCV  
  81  6:47  Marauder, Widow Mine x2, Marine x2  
  81  6:48  Medivac x2  
  81  6:49  SCV  
  93  7:01  SCV  
  93  7:03  SCV  
  93  7:11  Marine, Marauder x2  
  93  7:13  SCV  
  93  7:14  Barracks x2  
  93  7:15  SCV  
  100  7:20  Liberator  
  100  7:26  Marine  
  100  7:28  Widow Mine x2  
  100  7:29  Marine  
  110  7:31  SCV x2, Liberator  
  110  7:32  Marauder x2  
  116  7:43  SCV x2  
  119  7:45  Marine  
  119  7:47  Marine  
  122  7:54  Marauder  
  122  7:55  SCV  
  122  7:58  Supply Depot, SCV  
  125  7:59  Supply Depot, Marauder  
  125  8:00  Supply Depot  
  125  8:02  Barracks Tech Lab  
  125  8:05  Liberator  
  128  8:06  Terran Infantry Armor Level 1  
  128  8:07  Barracks Reactor  
  128  8:08  Orbital Command  
  128  8:14  Liberator  
  128  8:17  Marauder, Marine x2  
  128  8:19  SCV  
  134  8:20  SCV, Marauder  
  139  8:31  SCV  
  139  8:32  SCV  
  138  8:36  Marauder  
  138  8:38  Marauder  
  138  8:40  Barracks  
  142  8:42  Barracks x2  
  142  8:45  Marine, Marauder  
  142  8:48  Liberator  
  142  8:50  SCV  
  135  8:56  Marine x3  
  135  8:57  Marauder, Liberator  
  135  9:00  Marauder  
  142  9:03  Marine  
  142  9:06  Marauder  
  148  9:13  Widow Mine  
  148  9:14  Widow Mine  
  155  9:19  Marauder  
  155  9:20  Supply Depot  
  155  9:21  Supply Depot x2, Marauder  
  159  9:27  Marauder  
  161  9:37  Barracks Reactor, Barracks Tech Lab x2  
  161  9:38  Refinery  
  161  9:39  Command Center  
  161  9:40  Marauder  
  161  9:42  Refinery  
  163  9:56  Marine x2, Marauder x3  
  163  9:57  Marauder, Marine x2  
  173  10:01  Marauder  
  122  10:14  Marine x3  
  122  10:15  Marine  
  122  10:17  Marine x2  
  118  10:25  Marine x2  
  118  10:26  Marine x2  
  118  10:27  Marauder  
  122  10:34  SCV, Marine x2  
  122  10:35  Marauder, Marine x2  
  129  10:36  Marauder  
  131  10:43  Marine x2  
  131  10:44  Marauder x2  
  131  10:46  Ghost Academy  
  131  10:48  Marauder  
  139  10:52  Marine x3  
  139  10:56  Armory  
  144  10:57  Marauder  
  144  11:01  Engineering Bay  
  144  11:10  Marine x3, Marauder x4  
  144  11:11  Marine x3  
  160  11:18  Marauder  
  160  11:28  Marine x3  
  160  11:29  Marine x2  
  160  11:31  Marauder x2  
  168  11:39  Marine x3  
  146  11:40  Marine  
  146  11:42  Liberator x2  
  146  11:46  Planetary Fortress, Marine  
  139  11:52  Terran Infantry Weapons Level 2, Terran Infantry Armor Level 2  
  139  11:53  Marine, Marauder x2  
  139  11:54  Marine  
  139  11:58  Marauder x3  
  139  12:00  Widow Mine  
  144  12:01  Marine  
  144  12:02  Marine x2  
  143  12:24  Marauder x4, Marine x6  
  153  12:32  Marine  
  154  12:42  Marine x4  
  128  12:45  Marauder x2  
  128  12:49  Marauder x2  
  128  12:51  Marauder  
  128  12:56  Marine x2  
  118  12:59  Marine x2  
  118  13:00  Marine x2  
  118  13:01  Medivac x2  
  118  13:02  Widow Mine x2  
  127  13:06  Marauder  
  127  13:07  Marauder  
  127  13:10  Marine x2  
  127  13:12  Marauder  
  135  13:14  Marine x2  
  135  13:19  Marine x4  
  141  13:27  Ghost x2  
  141  13:28  Refinery, Ghost x2  
  141  13:29  Starport  
  141  13:33  Ghost, Marine  
  141  13:34  Marine  
  151  13:36  Marine  
  152  13:43  Medivac  
  152  13:44  Medivac  
  156  13:54  Factory Reactor  
  156  13:56  Ghost, Liberator x2  
  156  13:59  Marine, Marauder x3  
  156  14:02  Marauder  
  167  14:14  Command Center  
  171  14:20  Marauder  
  171  14:38  Marine x3  
  154  14:39  Marauder, Marine  
Show
View Real Time Build Order
Export as new Build Order

Gayguy Protoss 

Build Orders: 1 Gate Expand, Blink Stalkers 

Get SALT Encoding   

  12  0:01  Probe (Chrono Boost)  
  13  0:13  Pylon  
  13  0:17  Probe (Chrono Boost)  
  14  0:27  Probe (Chrono Boost)  
  15  0:33  Gateway  
  15  0:38  Probe (Chrono Boost)  
  16  0:45  Assimilator  
  16  0:49  Probe (Chrono Boost)  
  17  0:59  Probe (Chrono Boost)  
  18  1:10  Probe (Chrono Boost)  
  19  1:20  Probe (Chrono Boost)  
  20  1:30  Nexus  
  20  1:38  Cybernetics Core  
  21  1:40  Probe (Chrono Boost)  
  21  1:45  Assimilator  
  21  1:51  Probe (Chrono Boost)  
  22  1:55  Pylon  
  22  2:02  Probe (Chrono Boost)  
  23  2:15  Mothership Core (Chrono Boost), Warp Gate (Chrono Boost)  
  25  2:16  Adept  
  27  2:32  Robotics Facility  
  27  2:35  Probe (Chrono Boost)  
  28  2:43  Probe (Chrono Boost)  
  29  2:45  Probe (Chrono Boost)  
  30  2:54  Probe (Chrono Boost)  
  30  2:57  Probe (Chrono Boost)  
  32  3:05  Stalker, Probe (Chrono Boost)  
  35  3:09  Probe (Chrono Boost)  
  35  3:11  Twilight Council  
  36  3:15  Probe (Chrono Boost)  
  38  3:20  Probe (Chrono Boost), Pylon  
  38  3:25  Probe (Chrono Boost)  
  39  3:30  Warp Prism  
  41  3:34  Probe  
  41  3:35  Probe  
  43  3:46  Gateway  
  44  3:48  Blink (Chrono Boost)  
  44  3:51  Probe  
  44  3:55  Gateway  
  44  3:59  Probe  
  44  4:02  Probe  
  45  4:07  Pylon  
  46  4:11  Probe  
  46  4:14  Probe, Adept  
  50  4:18  Assimilator  
  50  4:20  Pylon  
  50  4:22  Assimilator  
  50  4:23  Probe  
  51  4:26  Pylon  
  51  4:32  Probe, Observer  
  51  4:35  Probe  
  54  4:41  Robotics Bay  
  54  4:45  Probe  
  55  4:48  Stalker  
  55  4:49  Stalker, Pylon  
  55  4:52  Stalker  
  61  4:55  Probe  
  62  5:02  Probe  
  63  5:12  Nexus  
  63  5:13  Probe  
  64  5:14  Probe  
  65  5:23  Disruptor  
  65  5:25  Probe  
  65  5:27  Probe  
  70  5:29  Forge  
  70  5:35  Gateway  
  70  5:36  Gateway  
  70  5:40  Gateway  
  70  5:41  Probe  
  70  5:42  Probe  
  72  5:50  Resonating Glaives (Chrono Boost)  
  72  5:54  Disruptor  
  72  5:55  Probe  
  73  6:02  Probe  
  77  6:07  Protoss Ground Armor Level 1 (Chrono Boost)  
  77  6:08  Probe  
  78  6:11  Forge  
  78  6:13  Adept x2  
  78  6:14  Adept  
  78  6:17  Probe  
  85  6:23  Probe  
  86  6:28  Gateway x2  
  86  6:30  Probe, Pylon  
  84  6:41  Probe  
  84  6:44  Protoss Ground Weapons Level 1 (Chrono Boost)  
  83  6:49  Probe x2  
  83  6:52  Stalker x3  
  83  6:53  Probe  
  92  7:01  Stalker x2, Probe x2  
  92  7:02  Stalker  
  98  7:08  Probe  
  98  7:09  Disruptor  
  98  7:13  Probe  
  101  7:15  Pylon  
  101  7:16  Pylon  
  101  7:19  Charge  
  101  7:20  Pylon, Assimilator  
  101  7:21  Assimilator  
  101  7:23  Pylon  
  101  7:27  Probe  
  101  7:29  Probe  
  103  7:32  Templar Archives  
  103  7:33  Dark Shrine  
  103  7:40  Probe x2  
  103  7:42  Probe  
  106  7:46  Protoss Ground Armor Level 2 (Chrono Boost)  
  106  7:47  Colossus (Chrono Boost)  
  112  7:51  Pylon  
  112  7:54  Pylon  
  112  7:55  Pylon  
  112  7:57  Adept x2  
  116  8:08  Probe  
  117  8:18  Nexus  
  117  8:19  Pylon  
  117  8:20  Photon Cannon  
  117  8:28  Assimilator  
  117  8:30  Adept  
  117  8:33  Assimilator  
  119  8:37  Colossus (Chrono Boost), Adept x3  
  119  8:39  Adept  
  133  8:42  Adept  
  126  9:00  Stalker x3  
  132  9:07  Stalker x2  
  132  9:09  Probe  
  137  9:16  High Templar x2  
  141  9:17  Adept  
  141  9:24  Warp Prism (Chrono Boost), Archon  
  143  9:25  High Templar x2  
  143  9:26  Stalker  
  149  9:35  Archon  
  149  9:37  Adept x3  
  155  9:43  Gateway, Pylon  
  155  9:44  Gateway  
  154  9:46  Gateway  
  154  9:48  Probe  
  154  9:49  Gateway, Probe x2  
  96  10:22  Stalker x6  
  96  10:23  Stalker x2  
  97  10:32  Colossus (Chrono Boost)  
  95  10:35  Protoss Ground Armor Level 3  
  95  10:37  Protoss Ground Weapons Level 2  
  95  10:43  Pylon  
  95  10:47  Adept x7, Pylon  
  95  10:48  Adept x4  
  117  10:50  Adept  
  119  11:08  High Templar x2  
  119  11:09  High Templar x2  
  119  11:10  Zealot x3  
  133  11:11  Zealot  
  133  11:13  Archon x2  
  133  11:17  Zealot x2  
  139  11:19  Disruptor (Chrono Boost)  
  139  11:20  High Templar x2  
  139  11:25  Archon  
  139  11:32  Zealot x3  
  114  11:50  Zealot x5  
  120  11:54  Stalker x3  
  120  12:01  Disruptor (Chrono Boost)  
  129  12:09  Probe  
  129  12:10  Probe  
  129  12:14  Pylon  
  131  12:18  Adept x2  
  131  12:19  Dark Templar  
  137  12:22  High Templar  
  137  12:23  High Templar x3  
  137  12:28  Archon x2  
  145  12:32  Disruptor (Chrono Boost)  
  146  12:42  Adept  
  146  12:43  Adept x5  
  136  12:50  Adept x5  
  110  13:03  Disruptor (Chrono Boost)  
  107  13:12  High Templar x2  
  109  13:13  High Templar x2  
  109  13:14  Zealot x3  
  109  13:17  Archon x2  
  109  13:19  Nexus  
  119  13:20  Pylon  
  119  13:29  Probe x3  
  119  13:32  Probe  
  123  13:37  Zealot x3  
  123  13:38  Assimilator  
  129  13:44  High Templar x2  
  129  13:45  High Templar x2  
  137  13:53  Archon x2  
  137  13:54  Zealot  
  137  13:55  Zealot x2  
  143  14:03  Assimilator  
  143  14:05  Disruptor (Chrono Boost)  
  143  14:07  Assimilator  
  143  14:09  High Templar x2  
  150  14:13  Archon  
  150  14:14  Zealot x2  
  98  14:50  Zealot x7  
  98  14:51  Zealot x3  
Tags
 
Add a new tag
Caveats
  • Supply blocks, unpowered buildings, or Contaminate may cause inaccurate times.
  • Supply counts are checked every 10 seconds.